[Event "*** Titled Tuesday Blitz"]
[Site "Chess.com"]
[Date "2021.03.09"]
[Round "2"]
[White "catzapto"]
[Black "volkanyirik"]
[Result "0-1"]
[WhiteElo "2103"]
[BlackElo "2404"]
[TimeControl "180+1"]
[EndTime "10:19:21 PST"]
[Termination "volkanyirik won on time"]

1. e4 c5 2. Nf3 d6 3. c3 Nf6 4. Be2 Nbd7 5. Qc2 g6 6. O-O Bg7 7. Re1 O-O 8. Bf1 a6 9. a4 b6 10.
d3 Bb7 11. g3 e5 12. Bg2 h6 13. Nbd2 Kh7 14. Nf1 Rc8 15. Nh4 Re8 16. Ne3 Nf8 17. Bd2 Rc7 18. Rad1 Rd7 19. c4 Ne6 20. Bc3 Nd4 21.
Bxd4 exd4 22. Nd5 Bxd5 23. exd5 Rde7 24. Qd2 Nd7 25. Rxe7 Qxe7 26. f4 Nf6 27. Bf3 Qe3+ 28. Kf1 Nd7 29. Qf2 Bf6 30. Ng2 Qxf2+ 31. Kxf2 Kg7 32.
Re1 Rxe1 33. Kxe1 Bd8 34. Kd2 Nf6 35. Ne1 g5 36. fxg5 hxg5 37. Nc2 g4 38. Be2 a5 39. Na3 Kg6 40. Nb5 Be7 41. Nc7 Kf5 42. Bf1 Nd7 43. h3 Nf6 44. Bg2 Nh5 45. Be4+ Kg5 46. h4+ Kf6 47. Ne8+ Ke5 48. Bh7 Nxg3 49. Ng7 Bxh4 50.
Kd1 f5 51. Bg8 f4 52. Ke1 f3 53. Ne8 Nf5+ 54. Kf1 g3 55. Be6 Ne3+ 56. Kg1 f2+ 0-1

[Event "*** Titled Tuesday Blitz"]
[Site "Chess.com"]
[Date "2021.03.09"]
[Round "2"]
[White "konradrutkowski"]
[Black "pfalcon1949"]
[Result "1-0"]
[WhiteElo "2389"]
[BlackElo "2039"]
[TimeControl "180+1"]
[EndTime "10:19:21 PST"]
[Termination "konradrutkowski won on time"]

1. d4 Nf6 2. Nf3 e6 3. e3 d5 4. Bd3 Ne4 5. Nbd2 f5 6. O-O Bd6 7. c4 c6 8. b3 Nd7 9. Bb2 O-O 10. Qc1 Qf6 11. Ba3 Qe7 12. Bxd6 Qxd6 13. Qb2 Ndf6 14.
Ne5 Nxd2 15. Qxd2 Ne4 16. Bxe4 fxe4 17. c5 Qe7 18. f3 Bd7 19. fxe4 dxe4 20. Rxf8+ Rxf8 21.
Rf1 Be8 22. Rxf8+ Qxf8 23. Qf2 Qf5 24. Qxf5 exf5 25. h4 Kf8 26. Kf2 Ke7 27. Kg3 Bf7 28.
Kf4 Be6 29. g4 fxg4 30. Kxe4 h5 31. Kf4 Kf6 32. e4 Bc8 33. Nc4 Bd7 34. Nd6 b5 35.
cxb6 axb6 36. a4 Ke6 37. Nf5 g6 38. Ne3 Kd6 39. b4 Be6 40. a5 bxa5 41. bxa5 Bc8 42.
Kg5 g3 43. Kxg6 Bh3 44. Kxh5 g2 45. Nxg2 Bxg2 46. e5+ Ke6 47. a6 c5 48. dxc5 Kxe5 49. Kg6 Kd4 50. Kf5 Kxc5 51. h5 1-0

[Event "*** Titled Tuesday Blitz"]
[Site "Chess.com"]
[Date "2021.03.09"]
[Round "2"]
[White "Chamal_Gedgafov"]
[Black "kleopl"]
[Result "0-1"]
[WhiteElo "2274"]
[BlackElo "2484"]
[TimeControl "180+1"]
[EndTime "10:19:22 PST"]
[Termination "kleopl won by resignation"]

1. d4 f5 2. Nf3 Nf6 3. c4 g6 4. Nc3 Bg7 5. g3 O-O 6. Bg2 d6 7. O-O Qe8 8. b3 e5 9. dxe5 dxe5 10. e4 Nc6 11. Bb2 a6 12. Re1 f4 13. Nd5 Rf7 14. b4 Bg4 15. h3 Bxf3 16. Bxf3 fxg3 17. fxg3 Nxd5 18. exd5 Nxb4 19. Bg4 Kh8 20. Be6 Rf8 21. Bxe5 Bxe5 22. Rxe5 Qe7 23. a3 Qf6 24. Re1 Qf2+ 25. Kh1 Nc2 26. Re2 Qf3+ 27. Kh2 Nxa1 28. Qd4+ Qf6 29.
Qd2 Rae8 30. h4 c6 31. Qb4 cxd5 32. cxd5 b5 33. a4 h5 34. axb5 axb5 35. Qxb5 Rb8 36. Qd3 Rb2 37. Rd2 Rxd2+ 38. Qxd2 Qf2+ 39. Qxf2 Rxf2+ 40. Kh3 Rd2 41. g4 Rd3+ 42. Kg2 hxg4 43. Kf2 Nb3 44. Ke2 Nc5 45. Bf7 Kg7 46. Be6 g3 47. Kf1 Nxe6 48. dxe6 Rd2 0-1

[Event "*** Titled Tuesday Blitz"]
[Site "Chess.com"]
[Date "2021.03.09"]
[Round "2"]
[White "gatocorbis"]
[Black "mr_gustavo"]
[Result "0-1"]
[WhiteElo "2094"]
[BlackElo "2401"]
[TimeControl "180+1"]
[EndTime "10:19:22 PST"]
[Termination "mr_gustavo won on time"]

1. e4 c5 2. c3 Nf6 3. e5 Nd5 4. Nf3 Nc6 5. g3 d6 6. d4 cxd4 7.
cxd4 Bg4 8. Bg2 dxe5 9. dxe5 Nxe5 10. Qa4+ Bd7 11. Qb3 Nxf3+ 12. Bxf3 Bc6 13. O-O e6 14.
Nc3 Nxc3 15. Bxc6+ bxc6 16. Qxc3 Rc8 17. Be3 Qd7 18.
Rfd1 Qb7 19. Bd4 f6 20. Bxf6 Bb4 21. Qe5 gxf6 22. Qxf6 Rf8 23. Qxe6+ Be7 24. Qe5 Qb5 25. Qe6 Qf5 26. Qe2 Qf3 27. Qe6 Qxf2+ 28. Kh1 Qf5 29. Qe2 Qf3+ 30. Qxf3 Rxf3 31. Re1 Rc7 32. Re6 Kf7 33.
Rae1 Bf6 34. Kg2 Rf5 35. b3 Rd5 36. R1e2 Re7 37. Rxe7+ Bxe7 38. Kf3 Bf6 39. g4 c5 40.
Rc2 Bd4 41. Ke4 Re5+ 42. Kf4 Re1 43. h4 Ke6 44. g5 Kd5 45. Kg4 Rg1+ 46. Kh5 Rh1 0-1

[Event "*** Titled Tuesday Blitz"]
[Site "Chess.com"]
[Date "2021.03.09"]
[Round "2"]
[White "jacky72"]
[Black "Benjoneliere44"]
[Result "1-0"]
[WhiteElo "2710"]
[BlackElo "2494"]
[TimeControl "180+1"]
[EndTime "10:19:23 PST"]
[Termination "jacky72 won by resignation"]

1. d4 d6 2. c4 e5 3. Nf3 e4 4. Ng5 f5 5. g3 Nf6 6. Bg2 Be7 7. b3 c6 8. O-O O-O 9. f3 d5 10. cxd5 cxd5 11. fxe4 fxe4 12. Nh3 Nc6 13. Nf4 g5 14.
Nh3 h6 15. Nf2 Be6 16. e3 Qd7 17. Ba3 Bxa3 18. Nxa3 Rf7 19. Qd2 Raf8 20. Nc2 Kg7 21. Nb4 Nxb4 22. Qxb4 h5 23. Kh1 h4 24. gxh4 gxh4 25.
Rg1 Kh7 26. Qd2 Qd6 27. Bh3 Qd7 28. Bxe6 Qxe6 29. Qe2 Qf5 30. Rg2 Qf3 31. Qxf3 exf3 32. Rg5 Ne4 33. Nxe4 dxe4 34. Rag1 Rf5 35. R5g4 R8f6 36.
Rxe4 f2 37. Rxh4+ Rh6 38. Rxh6+ Kxh6 39. Rf1 Rf3 40. Kg2 Rxe3 41. Rxf2 Rd3 42. Kf1 Rxd4 43. Ke2 a5 44. Ke3 Rh4 45. Rg2 a4 46. Kd3 axb3 47. axb3 b5 48. Kc3 b4+ 49. Kd3 Kh7 50. Rg3 Kh6 51. h3 Kh7 52. Rg4 Rxh3+ 53. Kc4 1-0

[Event "*** Titled Tuesday Blitz"]
[Site "Chess.com"]
[Date "2021.03.09"]
[Round "2"]
[White "DrCeltic"]
[Black "chessdiamant"]
[Result "1-0"]
[WhiteElo "2484"]
[BlackElo "2264"]
[TimeControl "180+1"]
[EndTime "10:19:23 PST"]
[Termination "DrCeltic won by resignation"]

1. e4 e6 2. d4 d5 3. Nd2 Nf6 4. e5 Nfd7 5. Bd3 c5 6. f4 Nc6 7. Ngf3 cxd4 8. O-O Bc5 9. Kh1 O-O 10. Nb3 f6 11. exf6 Qxf6 12. Qe2 a5 13. Ng5 e5 14. Nxh7 Qe7 15. Nxf8 e4 16. Nxd7 Bxd7 17. Bb5 a4 18. Nxc5 Qxc5 19. Bxc6 Bxc6 20. f5 Bb5 21. Qg4 Bxf1 22.
Bd2 Bb5 23. f6 Qc7 24. Bh6 Qd7 25. Qg3 Qf7 26. Bxg7 Be8 27. Qh4 Qh5 28. Qf2 e3 29.
Qf4 e2 30. Qxd4 Ra6 31. Re1 Re6 32. Qf2 Bg6 33. h3 Bxc2 34. Qc5 Be4 35. Qf8+ Kh7 36. Qh8+ Kg6 37. Qxh5+ Kxh5 38. f7 Bxg2+ 39. Kxg2 Rg6+ 40. Kh2 Rxg7 41. f8=Q Kh4 42. Qf2+ 1-0

[Event "*** Titled Tuesday Blitz"]
[Site "Chess.com"]
[Date "2021.03.09"]
[Round "2"]
[White "Zmeeed63"]
[Black "Vandros57"]
[Result "1-0"]
[WhiteElo "2443"]
[BlackElo "2204"]
[TimeControl "180+1"]
[EndTime "10:19:23 PST"]
[Termination "Zmeeed63 won on time"]

1. d4 d5 2. c4 e6 3. Nc3 Nf6 4. cxd5 exd5 5. Bg5 c6 6. e3 Be7 7. Bd3 O-O 8. Qc1 Nbd7 9. Nge2 h6 10. Bh4 Ne4 11. Bxe7 Qxe7 12. O-O f5 13. Rb1 a5 14. Na4 Ndf6 15. Nb6 Rb8 16. Qe1 Ng4 17. f3 Nxe3 18. fxe4 Nxf1 19. e5 Ne3 20. Nf4 Qb4 21. Nxc8 Qxd4 22.
Qf2 Rfxc8 23. Re1 Qxe5 24. Rxe3 Qf6 25. Rg3 Re8 26. Nh5 Qe5 27. Nxg7 Qe1+ 28. Qxe1 Rxe1+ 29. Kf2 Re5 30. Nxf5+ Kf8 31. Nxh6 Rbe8 32. Rg8+ Ke7 33. Rg7+ Kd6 34. Ng4 Rf8+ 35. Kg3 Re7 36. Rg6+ Kc5 37. h4 b5 38. h5 a4 39. a3 Kd4 40. Bc2 Re2 41.
Rxc6 Rd2 42. h6 1-0

[Event "*** Titled Tuesday Blitz"]
[Site "Chess.com"]
[Date "2021.03.09"]
[Round "2"]
[White "AlexPapasimakopoulos"]
[Black "wonderfultime"]
[Result "0-1"]
[WhiteElo "2585"]
[BlackElo "2981"]
[TimeControl "180+1"]
[EndTime "10:19:24 PST"]
[Termination "wonderfultime won by resignation"]

1. d4 d5 2. c4 c6 3. cxd5 cxd5 4. Bf4 Nf6 5. Nc3 Nc6 6. e3 a6 7. Bd3 Bg4 8. Nge2 e6 9. O-O Bd6 10. f3 Bh5 11. Rc1 O-O 12. Na4 Bg6 13. Nc5 Bxc5 14.
Rxc5 Qe7 15. Bg3 e5 16. Bxg6 hxg6 17. Qd2 Rfe8 18. Rc3 Rad8 19. Rfc1 Rd7 20. Bxe5 Nxe5 21. dxe5 Qxe5 22. Qd4 Qd6 23. Rc8 Re7 24. Rxe8+ Rxe8 25. Nc3 Qe6 26. Kf2 g5 27. h3 Qf5 28. Rd1 Re5 29. Kg1 Qe6 30. Rd3 Qe7 31. Kf2 g6 32. a3 Rf5 33. Kg1 Kh7 34. Qb4 Qc7 35. Qf8 Re5 36. Kf2 a5 37. Rd2 b6 38. Qa8 Qc5 39.
Rd4 Qe7 40. Rd3 d4 41. exd4 Re1 42. Qc6 Rc1 43. Re3 Rc2+ 44. Re2 Qxe2+ 0-1

[Event "*** Titled Tuesday Blitz"]
[Site "Chess.com"]
[Date "2021.03.09"]
[Round "2"]
[White "Trickster_Pony"]
[Black "albi1999"]
[Result "0-1"]
[WhiteElo "1461"]
[BlackElo "2597"]
[TimeControl "180+1"]
[EndTime "10:19:24 PST"]
[Termination "albi1999 won on time"]

1. c4 c5 2. g3 Nc6 3. Bg2 g6 4. Nc3 Bg7 5. e3 e5 6. Nge2 Nge7 7. d3 O-O 8. O-O d6 9. b3 Be6 10. Bb2 Qd7 11. Nd5 f5 12. f4 Rae8 13. Qd2 h6 14. a3 Kh7 15. Rae1 Ng8 16. fxe5 dxe5 17. e4 Nf6 18. Nec3 Nd4 19. Nxf6+ Bxf6 20. Nd5 Bg5 21. Qd1 f4 22. Bxd4 cxd4 23. gxf4 exf4 24. h3 Bxh3 25.
Bxh3 Qxh3 26. Qf3 Qd7 27. Re2 Re5 28. Rg2 h5 29. b4 Bh6 30. Kh1 Qf7 31. Rfg1 g5 32.
Rh2 g4 33. Qf1 f3 34. Qf2 Rg8 35. Qxd4 Qg7 36. Qf2 Rf8 37. Rh4 Qg5 38. Qh2 Re6 39. Rgxg4 hxg4 40. Qc7+ Qg7 41. Rxh6+ Rxh6+ 0-1

[Event "*** Titled Tuesday Blitz"]
[Site "Chess.com"]
[Date "2021.03.09"]
[Round "2"]
[White "norwaytoadog"]
[Black "Eliwood44"]
[Result "0-1"]
[WhiteElo "2207"]
[BlackElo "2449"]
[TimeControl "180+1"]
[EndTime "10:19:25 PST"]
[Termination "Eliwood44 won on time"]

1. e4 e5 2. Nf3 Nc6 3. Bb5 a6 4. Ba4 Nf6 5. O-O Be7 6. Re1 b5 7. Bb3 O-O 8. h3 d6 9. c3 Bb7 10. d4 h6 11. Nbd2 Re8 12. d5 Nb8 13. a4 Nbd7 14.
axb5 axb5 15. Rxa8 Qxa8 16. Nf1 c6 17. dxc6 Bxc6 18.
Ng3 Nc5 19. Bc2 Bf8 20. Qe2 g6 21. Nh4 Bg7 22. Qf3 d5 23. exd5 Bxd5 24. Qe3 Ncd7 25. Ne4 Nxe4 26. Bxe4 Bxe4 27. Qxe4 Qxe4 28. Rxe4 Nc5 29.
Re2 e4 30. Be3 Na4 31. f3 Bf6 32. Bf2 e3 33. Be1 Nc5 34. g4 Bxh4 35. Bxh4 Nd3 36.
Bg3 f5 37. f4 Kf7 38. Kg2 h5 39. Kf3 hxg4+ 40. hxg4 Nc1 41. Rxe3 fxg4+ 42. Kf2 Rxe3 43. Kxe3 Ke6 44. Kd2 Nb3+ 45. Ke3 Kf5 46. Bh4 Nc5 47. Bg3 Na4 48. Kd4 Nxb2 49. Kc5 Nd1 50. Kxb5 Nxc3+ 51. Kc4 Ne2 52. Bf2 g3 53. Be3 g2 54. Kd3 g1=Q 55.
Bxg1 Nxg1 56. Ke3 Nh3 57. Kf3 Nxf4 58. Kg3 Ne6 0-1

[Event "*** Titled Tuesday Blitz"]
[Site "Chess.com"]
[Date "2021.03.09"]
[Round "2"]
[White "ALeks_Ivlev"]
[Black "tandaleo"]
[Result "0-1"]
[WhiteElo "2601"]
[BlackElo "2339"]
[TimeControl "180+1"]
[EndTime "10:19:26 PST"]
[Termination "tandaleo won by checkmate"]

1. d4 d5 2. Nf3 Nf6 3. c4 e6 4. g3 dxc4 5. Bg2 Bb4+ 6. Nbd2 O-O 7. O-O b5 8. a4 c6 9. Qc2 Nbd7 10. b3 cxb3 11. Nxb3 Bb7 12. Bd2 Bxd2 13. Nfxd2 Nd5 14. Ne4 Qe7 15. Na5 N7b6 16. Nc5 Ba6 17. Nxc6 Qe8 18. axb5 Bxb5 19. Nxa7 Bd7 20. Rfb1 Nc8 21. Nxc8 Rxc8 22. e4 Nf6 23. e5 Nd5 24. Be4 h6 25. Bxd5 exd5 26.
Ra7 Bg4 27. Kg2 Bh5 28. Qf5 Bg6 29. Qf3 Bxb1 30. Qxd5 Qd8 31. Qc4 Be4+ 32. f3 Bd5 33. Qd3 Rb8 34. Rd7 Rb2+ 35. Kf1 Qa8 36. Qd1 Bxf3 37. Qc1 Rxh2 38. Ke1 Rh1+ 39. Kd2 Rxc1 40. Kxc1 Qa1+ 41. Kd2 Qb2+ 42. Ke3 Bg4 43. Nd3 Qe2+ 44. Kf4 Qf3# 0-1

[Event "*** Titled Tuesday Blitz"]
[Site "Chess.com"]
[Date "2021.03.09"]
[Round "2"]
[White "urutodo"]
[Black "Majesth"]
[Result "0-1"]
[WhiteElo "2304"]
[BlackElo "2568"]
[TimeControl "180+1"]
[EndTime "10:19:27 PST"]
[Termination "Majesth won on time"]

1. e4 g6 2. d4 Bg7 3. Nc3 d6 4. Be3 a6 5. Qd2 Nd7 6. Nge2 b5 7. Ng3 Bb7 8. Bd3 c5 9. d5 h5 10. Nd1 Ngf6 11. f3 Ne5 12. Be2 h4 13. Nf1 Qd7 14. c3 a5 15. Nf2 Ba6 16. h3 b4 17.
Ng4 Nfxg4 18. hxg4 Nc4 19. Bxc4 Bxc4 20. Bg5 Bxf1 21.
Kxf1 Qb5+ 22. Kg1 Qc4 23. cxb4 axb4 24. Rxh4 Rxh4 25. Bxh4 Rxa2 26. Rxa2 Qxa2 27. Qg5 Bf6 28. Qh6 Qxb2 29. Bg3 b3 30. Qh7 Qc1+ 31. Kh2 b2 32. Qg8+ Kd7 33. Qb8 b1=Q 34. Qa7+ Kc8 35. Qa8+ Qb8 36.
Qc6+ Kd8 37. e5 Bxe5 38. Bxe5 dxe5 39. d6 Qf4+ 40. Kh3 exd6 0-1

[Event "*** Titled Tuesday Blitz"]
[Site "Chess.com"]
[Date "2021.03.09"]
[Round "2"]
[White "thechesscorner64"]
[Black "FMalexhdez"]
[Result "0-1"]
[WhiteElo "2400"]
[BlackElo "2183"]
[TimeControl "180+1"]
[EndTime "10:19:27 PST"]
[Termination "FMalexhdez won by checkmate"]

1. e4 c5 2. Nf3 d6 3. d4 cxd4 4. Nxd4 Nf6 5. Nc3 a6 6. g3 e5 7. Nb3 Be7 8. Bg2 Be6 9. O-O Nbd7 10. Re1 Rc8 11. Nd5 Nxd5 12. exd5 Bf5 13. c3 h5 14. Be3 h4 15. Rc1 hxg3 16. fxg3 Bg5 17. Qd2 Bxe3+ 18. Qxe3 Kf8 19. Rf1 Bg6 20. Nd2 Qb6 21. Qxb6 Nxb6 22. b3 Ke7 23. c4 Nd7 24.
Be4 Bxe4 25. Nxe4 g6 26. Ng5 f5 27. g4 Rh4 28. h3 f4 29. Kg2 Nc5 30. Rc3 a5 31. a3 Rhh8 32. b4 axb4 33. axb4 Nd7 34. Ne4 Nb6 35. Rfc1 Ra8 36. R1c2 Ra4 37. Nxd6 Kxd6 38.
c5+ Kxd5 39. cxb6 Rxb4 40. Rc5+ Kd4 41. Rc7 Rxb6 42. Rd7+ Ke3 43. Rc5 Rb2+ 44. Kg1 Ra8 45. Rc2 Rxc2 46. Rd1 Raa2 47. Re1+ Kf3 48. Rf1+ Kg3 49.
Re1 Rg2+ 50. Kf1 f3 51. Rxe5 Ra1+ 52. Re1 Rg1+ 53. Kxg1 Rxe1# 0-1

[Event "*** Titled Tuesday Blitz"]
[Site "Chess.com"]
[Date "2021.03.09"]
[Round "2"]
[White "nrvisakh"]
[Black "enriquetejedor"]
[Result "0-1"]
[WhiteElo "2767"]
[BlackElo "2535"]
[TimeControl "180+1"]
[EndTime "10:19:28 PST"]
[Termination "enriquetejedor won on time"]

1. e4 c5 2. Nf3 e6 3. d4 cxd4 4. Nxd4 Nf6 5. Bd3 d5 6. exd5 Nxd5 7. O-O Be7 8. Qh5 g6 9. Qf3 Bf6 10. Rd1 O-O 11. Nb3 Qe7 12. c4 Nb4 13. Be4 N8c6 14. Nc3 Ne5 15. Qe2 Bg7 16. Be3 Na6 17. f4 Nd7 18. Nb5 Nac5 19. Nxc5 Nxc5 20. Bf3 Bd7 21. Nd6 Na4 22. Rab1 Bc6 23. Bxc6 bxc6 24. Qc2 Nb6 25.
Bc5 Qh4 26. g3 Qh5 27. Qf2 Na4 28. Ba3 c5 29. Kg2 Rfd8 30. Qf3 Qxf3+ 31. Kxf3 Rab8 32. Rd2 Rb6 33. Rbd1 Bxb2 34. Bxb2 Nxb2 35. Rb1 Na4 36. Rxb6 Nxb6 37. Ke3 Rxd6 0-1

[Event "*** Titled Tuesday Blitz"]
[Site "Chess.com"]
[Date "2021.03.09"]
[Round "2"]
[White "Gulkov_Igor"]
[Black "almo64"]
[Result "1-0"]
[WhiteElo "2529"]
[BlackElo "2738"]
[TimeControl "180+1"]
[EndTime "10:19:28 PST"]
[Termination "Gulkov_Igor won on time"]

1. Nf3 d5 2. d4 Nf6 3. c4 e6 4. Nc3 Be7 5. Bg5 O-O 6. e3 h6 7. Bxf6 Bxf6 8. Rc1 b6 9. Bd3 Bb7 10. cxd5 exd5 11. O-O a6 12. b4 Qd6 13. Qb3 Nd7 14. a4 c6 15. Rfd1 Rfe8 16. Bf5 g6 17. Bh3 Nf8 18. b5 cxb5 19. axb5 a5 20. Na4 Ne6 21. Ne5 Ng5 22. Bg4 h5 23. Be2 Rac8 24. Nc6 Bxc6 25. Rxc6 Rxc6 26. bxc6 Qxc6 27. Bb5 Qe6 28.
Bxe8 Qxe8 29. Nxb6 Ne4 30. Nxd5 Bh4 31. g3 Bg5 32. h4 Bh6 33. Qc2 Bg7 34. Rc1 Kh7 35. Qc6 Qd8 36. Nf4 Nd2 37. Kg2 Qe7 38. Rc2 Nb3 39. Qc4 a4 40. d5 Qb7 41. e4 a3 42.
Ra2 Bf8 43. Nd3 Qb6 44. e5 Qb7 45. Qc6 Qa7 46. Nf4 Qd4 47. d6 1-0

[Event "*** Titled Tuesday Blitz"]
[Site "Chess.com"]
[Date "2021.03.09"]
[Round "2"]
[White "boasovietica"]
[Black "Fiona"]
[Result "1-0"]
[WhiteElo "2442"]
[BlackElo "2199"]
[TimeControl "180+1"]
[EndTime "10:19:28 PST"]
[Termination "boasovietica won by resignation"]

1. e4 e5 2. Nf3 Nc6 3. Bb5 a6 4. Ba4 d6 5. c3 Bd7 6. O-O Nge7 7. d4 Ng6 8. h3 Be7 9. Re1 h6 10. Nbd2 Bg5 11. Nf1 Bxc1 12. Rxc1 O-O 13. Ne3 b5 14. Bb3 Nf4 15. dxe5 Nxe5 16. Nxe5 dxe5 17. Nd5 Be6 18. Nxf4 exf4 19. Bxe6 fxe6 20. Qg4 Rf6 21. Rcd1 Qe7 22. Rd3 Rd8 23. Red1 Rxd3 24. Rxd3 Kh7 25. Rd4 c5 26. Rd3 Rf8 27. Kh2 Rf7 28. f3 Rf8 29. Qh5 Rf6 30. Qe5 Rf7 31. Rd6 Rf6 32. Qxc5 e5 33. Rd5 Qf7 34.
b3 Rg6 35. Rxe5 Qf6 36. Rf5 Qh4 37. Qg1 Qg3+ 38. Kh1 Qh4 39. Rd5 Qg3 40. Rd2 Rg5 41.
Qf2 Qxf2 42. Rxf2 Rg6 43. Rd2 Re6 44. Rd3 1-0

[Event "*** Titled Tuesday Blitz"]
[Site "Chess.com"]
[Date "2021.03.09"]
[Round "2"]
[White "anon102030"]
[Black "Rozhkov_V"]
[Result "1/2-1/2"]
[WhiteElo "2692"]
[BlackElo "2402"]
[TimeControl "180+1"]
[EndTime "10:19:29 PST"]
[Termination "Game drawn by repetition"]

1. e4 c5 2. Nc3 Nc6 3. g3 g6 4.
Bg2 Bg7 5. d3 e6 6. Be3 Nd4 7.
Qd2 Ne7 8. Nd1 e5 9. f4 O-O 10. c3 Ne6 11. fxe5 Bxe5 12. Nf3 Bg7 13. Bh6 d5 14. Bxg7 Kxg7 15. e5 d4 16. c4 Nf5 17. O-O Rb8 18. g4 Nh4 19. Nxh4 Qxh4 20. Nf2 b5 21. cxb5 Rxb5 22. h3 Bb7 23. Bxb7 Rxb7 24.
b3 Qg3+ 25. Kh1 Qxe5 26. Ne4 f5 27. gxf5 Rxf5 28. Rae1 Rbf7 29. Rg1 Qd5 30. Qg2 Rf3 31. Kh2 Qe5+ 32. Kh1 Qf5 33. Kh2 Qf4+ 34. Kh1 Rxd3 35. Rgf1 Rf3 36. Rxf3 Qxf3 37. Nd6 Qxg2+ 38. Kxg2 Re7 39.
Kg3 h5 40. Nc8 Re8 41. Nd6 Re7 42. Nc8 Rc7 43. Nd6 Re7 1/2-1/2

[Event "*** Titled Tuesday Blitz"]
[Site "Chess.com"]
[Date "2021.03.09"]
[Round "2"]
[White "Fighterman91"]
[Black "Cptn2"]
[Result "0-1"]
[WhiteElo "2660"]
[BlackElo "2406"]
[TimeControl "180+1"]
[EndTime "10:19:29 PST"]
[Termination "Cptn2 won by resignation"]

1. e4 c5 2. Nf3 Nc6 3. Bb5 g6 4. O-O Bg7 5. c3 Nf6 6. Re1 O-O 7. d4 cxd4 8. cxd4 d5 9. e5 Ne4 10. Be3 f6 11. exf6 exf6 12. Nc3 Nxc3 13. bxc3 Be6 14. Bxc6 bxc6 15. Qa4 Qd7 16. Nd2 Rfe8 17. Nb3 Bf8 18. Nc5 Bxc5 19. dxc5 Bf5 20. Bd4 Kf7 21. f3 Bd3 22.
Bxf6 Rxe1+ 23. Rxe1 Re8 24. Bh4 Rxe1+ 25. Bxe1 Qe7 26.
Qf4+ Kg8 27. Bf2 Qe2 28. Qb8+ Kf7 29. Qxa7+ Ke6 30. h3 Qf1+ 31. Kh2 Qxf2 32. Qb6 Bb5 33. Qc7 Qxc5 34. Qxh7 Qxc3 35. Qxg6+ Qf6 36. Qe8+ Kd6 37.
Qb8+ Kc5 38. Qa7+ Kb4 39. a3+ Kb3 40. Qc5 Qf4+ 41. Kg1 d4 42. Qb4+ Kc2 43. a4 Qe3+ 44. Kh2 Qe5+ 45. f4 Qxf4+ 0-1

[Event "*** Titled Tuesday Blitz"]
[Site "Chess.com"]
[Date "2021.03.09"]
[Round "2"]
[White "Aslanov_Umid"]
[Black "MerryPoppies"]
[Result "1-0"]
[WhiteElo "2423"]
[BlackElo "2184"]
[TimeControl "180+1"]
[EndTime "10:19:29 PST"]
[Termination "Aslanov_Umid won by resignation"]

1. e4 e5 2. Nf3 Nc6 3. Bc4 Nf6 4. d3 Bc5 5. O-O O-O 6. c3 a5 7. Qe2 h6 8. a4 d6 9. h3 Be6 10. Ba2 Bxa2 11. Rxa2 d5 12. Rd1 Re8 13. Nbd2 d4 14. Nb3 Bf8 15. cxd4 Nxd4 16. Nbxd4 exd4 17. Bf4 c6 18. Qc2 Rc8 19. Qc4 c5 20. Ra3 b6 21. Re1 Rc6 22.
Rb3 Nd7 23. e5 Rce6 24. Ra3 Kh8 25. Bh2 f6 26. Raa1 fxe5 27. Re4 Nf6 28. Rxe5 Rxe5 29. Nxe5 Kh7 30. Re1 Qc8 31. Qf7 Bd6 32. Qg6+ Kg8 33.
Qf7+ Kh7 34. Qg6+ Kg8 35. Bf4 Bxe5 36. Rxe5 Kh8 37. Bxh6 gxh6 38. Qxf6+ Kg8 39. Qg6+ Kf8 40. Rf5+ Ke7 41. Rf7+ 1-0

[Event "*** Titled Tuesday Blitz"]
[Site "Chess.com"]
[Date "2021.03.09"]
[Round "2"]
[White "Onischuk_V"]
[Black "m_ezat"]
[Result "1-0"]
[WhiteElo "2825"]
[BlackElo "2526"]
[TimeControl "180+1"]
[EndTime "10:19:30 PST"]
[Termination "Onischuk_V won by resignation"]

1. Nf3 Nf6 2. g3 g6 3. Bg2 Bg7 4. O-O O-O 5. d3 d6 6. c4 Nc6 7.
Nc3 e5 8. Rb1 h6 9. b4 Be6 10.
b5 Ne7 11. Qc2 Qd7 12. Rd1 Bh3 13. Bh1 Ng4 14. d4 Qe6 15. Nd5 Rfc8 16. dxe5 dxe5 17. Ba3 Nf5 18. e4 Nd6 19. c5 c6 20. bxc6 bxc6 21. Nc7 Qc4 22. Rdc1 Qxc2 23. Rxc2 Nxe4 24. Nxa8 Rxa8 25.
Ne1 Ngf6 26. Rd1 Ng5 27. Bg2 e4 28. Bxh3 Nxh3+ 29. Kg2 Ng5 30. Rd6 Rc8 31. Rcd2 Nd5 32. h4 Ne6 33. Nc2 Bf8 34. Rd7 Bxc5 35. Bxc5 Nxc5 36.
Rxa7 Rb8 37. Nd4 e3 38. fxe3 Nxe3+ 39. Kf3 Nd5 40. Nxc6 Rc8 41. Rxd5 Rxc6 42. a4 Rf6+ 43. Ke3 Rb6 44. Rxc5 1-0

[Event "*** Titled Tuesday Blitz"]
[Site "Chess.com"]
[Date "2021.03.09"]
[Round "2"]
[White "Keures"]
[Black "HouseOfDurin"]
[Result "0-1"]
[WhiteElo "2391"]
[BlackElo "2149"]
[TimeControl "180+1"]
[EndTime "10:19:30 PST"]
[Termination "HouseOfDurin won by resignation"]

1. d4 Nf6 2. c4 c5 3. d5 b5 4.
cxb5 a6 5. bxa6 Bxa6 6. Nc3 d6 7. e4 Bxf1 8. Kxf1 Nbd7 9. Nf3 g6 10. g3 Bg7 11.
Kg2 O-O 12. Re1 Ng4 13. a4 Qa5 14. Nb5 Qb4 15. Re2 Rfb8 16. Ra3 Nge5 17. Nxe5 Nxe5 18. Qd2 Qxd2 19. Rxd2 Nc4 20. Rdd3 Nxa3 21. Rxa3 Bf6 22. f4 Ra5 23. Kf3 Kg7 24. Ke2 Raxb5 25. axb5 Rxb5 26.
Ra2 Rb3 27. Kf2 Bd4+ 28. Kg2 Be3 29. Bxe3 Rxe3 30. Ra7 Rxe4 31. Kf3 Re1 32. Kf2 Re4 33. Kf3 Rb4 34. Rxe7 Rxb2 35. Rd7 Rb6 36. g4 h6 37.
h4 Kf8 38. Ke4 Ke8 39. Rc7 Rb8 40. Rc6 Kd7 41. h5 Rc8 42. hxg6 fxg6 43. Ra6 c4 44. Ra2 c3 45. Rc2 h5 46. gxh5 gxh5 47. Kf5 Rc5 48.
Kg6 Rxd5 49. f5 Rd3 50. f6 d5 51. f7 Rg3+ 52. Kxh5 Rf3 53. Kg6 d4 54. Kg7 Kd6 55. Rc1 Kd5 56. Re1 Rxf7+ 57. Kxf7 d3 58. Kf6 d2 59. Rd1 Kd4 60. Kf5 Kd3 0-1

[Event "*** Titled Tuesday Blitz"]
[Site "Chess.com"]
[Date "2021.03.09"]
[Round "2"]
[White "djano"]
[Black "temiksmozg"]
[Result "1-0"]
[WhiteElo "2471"]
[BlackElo "2658"]
[TimeControl "180+1"]
[EndTime "10:19:32 PST"]
[Termination "djano won on time"]

1. e4 c5 2. Nc3 e6 3. f4 d5 4. Bb5+ Bd7 5. Bxd7+ Qxd7 6. Nf3 Nc6 7. O-O d4 8. Ne2 d3 9. Ng3 c4 10. Kh1 Nf6 11.
b3 Bc5 12. bxc4 Ng4 13. cxd3 Qxd3 14. Bb2 f6 15. Qb3 O-O-O 16. Qxd3 Rxd3 17. h3 h5 18. e5 f5 19. Ne2 Nf2+ 20. Kh2 Rd7 21. d4 Nd3 22.
dxc5 Nxb2 23. Rab1 Nxc4 24. Rfc1 Nd2 25. Ng5 Nxb1 26.
Rxb1 Rd2 27. Nc3 Nd8 28. Nb5 a6 29. Nd6+ Kc7 30. a4 Kc6 31. a5 g6 32. Rb6+ Kxc5 33. Nxb7+ Nxb7 34. Nxe6+ Kd5 35. Nc7+ Ke4 36. Rb4+ Ke3 37.
Rxb7 Rc8 38. Ne6 Rcc2 39. Rb3+ Ke4 40. Rg3 1-0

[Event "*** Titled Tuesday Blitz"]
[Site "Chess.com"]
[Date "2021.03.09"]
[Round "2"]
[White "CSB7"]
[Black "amintabatabaei"]
[Result "0-1"]
[WhiteElo "2587"]
[BlackElo "3009"]
[TimeControl "180+1"]
[EndTime "10:19:33 PST"]
[Termination "amintabatabaei won by resignation"]

1. d4 d5 2. c4 e6 3. Nf3 Nf6 4. g3 Bb4+ 5. Bd2 Be7 6. Bg2 c6 7. O-O Nbd7 8. Nc3 O-O 9. Bf4 dxc4 10. e4 b5 11. d5 b4 12. d6 bxc3 13. dxe7 Qxe7 14.
Bd6 Qd8 15. Bxf8 cxb2 16. Rb1 Qxf8 17. Rxb2 Nxe4 18. Nd4 Ndf6 19. Nxc6 c3 20. Rb4 Nd2 21.
Re1 Bd7 22. Rd4 Bxc6 23. Bxc6 Rc8 24. Bg2 Qc5 25. Rxd2 cxd2 26. Qxd2 h6 27. h3 Qc3 28. Qxc3 Rxc3 29. Rb1 g5 30. a4 Rc4 31. a5 Ra4 32.
Rb5 Ra1+ 33. Kh2 Ra2 34. Kg1 Kg7 35. Bb7 Ne8 36. a6 Nc7 37. Rc5 Nxa6 38. Rc8 Nb4 39. Rc7 a5 40. Bc8 Kf6 41. Ra7 a4 42. Bd7 a3 43.
Be8 Ra1+ 44. Kg2 a2 45. Rxf7+ Ke5 46. Rb7 Rc1 47. f4+ gxf4 48. gxf4+ Kf5 49. Rb5+ Kf6 50. Rb7 a1=Q 51. Rf7+ Kg6 0-1